 Dungeon Crawl Stone Soup version 0.17-a0-580-g22c127a (webtiles) character file.

5447 Kisielow the Protected (level 10, 0/91 HPs)
             Began as a Minotaur Fighter on Apr 15, 2015.
             Was a Priest of Makhleb.
             Slain by a komodo dragon (14 damage)
             ... on level 9 of the Dungeon.
             The game lasted 00:24:40 (7291 turns).

Kisielow the Protected (Minotaur Fighter)           Turns: 7291, Time: 00:24:41

Health: 0/91       AC: 21    Str: 24    XL:     10   Next: 41%
Magic:  9/9        EV:  6    Int:  5    God:    Makhleb [***...]
Gold:   362        SH: 12    Dex: 10    Spells: 0 memorised, 9 levels left

rFire  + . .     SeeInvis .     a - +0 long sword
rCold  + . .     Clarity  .     E - +0 plate armour
rNeg   . . .     SustAb   .     c - +0 shield
rPois  .         Gourm    .     (helmet restricted)
rElec  .         Spirit   .     x - +2 cloak
rCorr  .         Warding  .     r - +0 pair of gloves
rMut   +         Stasis   .     m - +0 pair of boots
MR     .....                    B - amulet of resist mutation
Stlth  ..........               (no ring)
                                D - ring of protection from cold (curse)

@: not resistant to hostile enchantments, extremely unstealthy
A: retaliatory headbutt, horns 2, fire resistance 1
a: Minor Destruction, Lesser Servant of Makhleb, Renounce Religion


You were on level 9 of the Dungeon.
You worshipped Makhleb.
Makhleb was most pleased with you.
You were hungry.

You visited 2 branches of the dungeon, and saw 10 of its levels.

You collected 362 gold pieces.

Inventory:

Hand weapons
 a - a +0 long sword (weapon)
Armour
 c - a +0 shield (worn)
 m - a +0 pair of boots (worn)
 r - a +0 pair of gloves (worn)
 x - a +2 cloak (worn)
 E - a +0 plate armour (worn)
Jewellery
 h - a +1 ring of slaying {unknown}
 B - an amulet of resist mutation (around neck)
 D - a cursed ring of protection from cold (left hand)
 M - an uncursed amulet of stasis
Magical devices
 t - a wand of invisibility (5)
 u - a wand of digging (9)
 v - a wand of random effects (16)
 J - a wand of teleportation (4)
 L - a wand of polymorph (8)
Scrolls
 y - a scroll of teleportation
 C - 2 scrolls of remove curse
 H - a scroll of fog
 I - a scroll of amnesia
Potions
 e - a potion of might
 j - a potion of invisibility
 l - 3 potions of brilliance
 p - 3 potions of haste
 A - a potion of flight
 G - a potion of cure mutation
 K - a potion of resistance
Comestibles
 d - 9 bread rations
 f - 3 royal jellies
 k - a meat ration
 n - 3 chunks of flesh
 q - 3 slices of pizza
 F - 2 fruits


   Skills:
 * Level 9.2 Fighting
 * Level 10.0 Long Blades
 - Level 10.2 Armour
 - Level 10.0 Shields
 * Level 0.6 Invocations
 * Level 0.6 Evocations


You had 9 spell levels left.
You didn't know any spells.

Dungeon Overview and Level Annotations

Branches:
Dungeon (9/15)             Temple (1/1) D:4            Lair (0/8) D:9
    Orc: D:9-12

Altars:
Ashenzari
Cheibriados
Dithmenos
Elyvilon
Fedhas
Gozag
Kikubaaqudgha
Makhleb
Nemelex Xobeh
Okawaru
Qazlal
Ru
Sif Muna
Trog
Vehumet
Xom
Yredelemnul
Zin
The Shining One

Shops:
D:7 *

Annotations:
D:8 Joseph; namelastname112's ghost, experienced DrAs


Innate Abilities, Weirdness & Mutations

You reflexively headbutt those who attack you in melee.
You have a pair of horns on your head.
Your flesh is heat resistant.


Message History

You feel better. You block the komodo dragon's attack.
The wight zaps a wand.
The bolt of lightning hits you!
Drink which item? (? for menu, Esc to quit)
You feel better. You block the komodo dragon's attack.
You hit the wight.
The wight is lightly damaged.
The komodo dragon bites you but does no damage.
You block the wight's attack.
You hit the wight but do no damage. Your headbutt misses the wight.
The wight is lightly damaged.
The wight closely misses you. The orc barely misses you.
You furiously retaliate!
You headbutt the orc, but do no damage. The komodo dragon bites you!!
* * * LOW HITPOINT WARNING * * *
You block the wight's attack.
The wight hits you from afar with a halberd.
* * * LOW HITPOINT WARNING * * *
The wight hits you but does no damage. You block the wight's attack.
The komodo dragon bites you!
You die...

#.......,,,,,,,,* *,
#........,,,,,,,* *,
#.........,,,,,,* *,
#..........,,...* *,
#...........,#.#* *,
#...........,#.# *,
*######...oz......,#.#****,
*........lz...#****<..,,,,,
*.........@...# *#.#*****
*............## #.#
***............# #####.# #
*,,............#
#..<..######
*#.#............#
#.###..%...#
*#...###.........# #.#
#.####.#
**P....*######.######.# #.#
#.# *,P.....#.............#
#.# #.#
*PPPP...#.############# #.#
#..


You could see a komodo dragon, 2 wights and an orc.

Vanquished Creatures
  The ghost of ahoge the Basher, an experienced MiBe of Trog (D:7)
  The ghost of pzskc383 the Geomancer, an experienced GrEE (D:4)
  Grinder (D:3)
  A spriggan (D:7)
  A deep elf mage (D:9)
  A wyvern (D:9)
  Grum (D:9)
  A hungry ghost (D:9)
  Menkaure (D:6)
  The ghost of kaze the Gusty, an average TeAE (D:3)
  4 wolves (D:9)
  Duvessa (D:5)
  2 ice beasts
  A black bear (D:7)
  An eye of draining (D:9)
  A water moccasin (D:9)
  4 ogres
  5 centaurs
  A crocodile (D:7)
  Blork the orc (D:4)
  2 giant frogs
  A big kobold (D:9)
  Dowan (D:5)
  A scorpion (D:4)
  A goliath beetle (D:6)
  3 hounds
  2 crimson imps
  A giant frog zombie (D:5)
  3 jellies
  3 giant frog skeletons (D:4)
  Crazy Yiuf (D:3)
  Ijyb (D:2)
  9 orc wizards
  Terence (D:2)
  4 iguanas
  Natasha (thrice) (D:2)
  2 hell rats (D:7)
  4 worker ants
  A hound zombie (D:5)
  A worker ant zombie (D:8)
  9 adders
  3 gnolls (D:3)
  4 river rats (D:7)
  An ooze (D:4)
  3 worms
  2 giant geckos
  18 orcs
  11 bats
  A bat skeleton (D:6)
  8 giant cockroaches
  13 hobgoblins
  20 kobolds
  5 quokkas
  A ball python (D:5)
  A giant gecko zombie (D:6)
  3 giant newts
  9 goblins
  34 rats
  A ballistomycete (D:8)
223 creatures vanquished.

Vanquished Creatures (others)
  2 wights (D:9)
  A giant spore (D:9)
  2 ballistomycetes (D:9)
  3 plants (D:9)
8 creatures vanquished.

Grand Total: 231 creatures vanquished

Notes
Turn   | Place    | Note
--------------------------------------------------------------
     0 | D:1      | Kisielow, the Minotaur Fighter, began the quest for the Orb.
     0 | D:1      | Reached XP level 1. HP: 19/19 MP: 0/0
   225 | D:1      | Reached XP level 2. HP: 22/27 MP: 1/1
   395 | D:1      | Reached skill level 4 in Shields
   927 | D:2      | Reached XP level 3. HP: 31/33 MP: 2/2
   965 | D:2      | Noticed Terence
   982 | D:2      | Killed Terence
  1036 | D:2      | Noticed Ijyb
  1046 | D:2      | Killed Ijyb
  1046 | D:2      | Reached XP level 4. HP: 34/41 MP: 3/3
  1144 | D:2      | Found a shadowy altar of Dithmenos.
  1240 | D:2      | Noticed Natasha
  1251 | D:2      | Killed Natasha
  1275 | D:2      | Reached skill level 5 in Shields
  1310 | D:2      | Found a basalt altar of Yredelemnul.
  1317 | D:2      | Noticed Natasha
  1331 | D:2      | Killed Natasha
  1572 | D:2      | Reached XP level 5. HP: 44/47 MP: 4/4
  1789 | D:2      | Noticed Natasha
  1797 | D:2      | Killed Natasha
  1847 | D:3      | Noticed Grinder
  1854 | D:3      | Paralysed by Grinder for 4 turns
  1868 | D:3      | Paralysed by Grinder for 5 turns
  1878 | D:3      | Paralysed by Grinder for 4 turns
  1882 | D:3      | Killed Grinder
  1882 | D:3      | Reached skill level 5 in Fighting
  1882 | D:3      | Reached skill level 5 in Armour
  1882 | D:3      | Reached XP level 6. HP: 26/56 MP: 5/5
  1943 | D:3      | Reached skill level 6 in Shields
  2241 | D:3      | Noticed kaze's ghost (average TeAE)
  2254 | D:3      | Killed kaze's ghost
  2733 | D:3      | Noticed Crazy Yiuf
  2738 | D:3      | Killed Crazy Yiuf
  2847 | D:4      | Reached XP level 7. HP: 45/61 MP: 6/6
  2848 | D:4      | Noticed Blork the orc
  2863 | D:4      | Killed Blork the orc
  2924 | D:4      | Noticed pzskc383's ghost (experienced GrEE)
  2932 | D:5      | Entered Level 5 of the Dungeon
  3042 | D:5      | Gained mutation: Your flesh is heat resistant. [potion of beneficial mutation]
  3072 | D:5      | Reached skill level 7 in Shields
  3203 | D:5      | Reached skill level 5 in Long Blades
  3339 | D:5      | Reached XP level 8. HP: 65/70 MP: 7/7
  3751 | D:5      | Noticed Duvessa
  3751 | D:5      | Noticed Dowan
  3762 | D:5      | Killed Duvessa
  3765 | D:5      | Killed Dowan
  3894 | D:5      | Found a blossoming altar of Fedhas.
  4223 | D:5      | Reached skill level 8 in Shields
  4265 | D:4      | Killed pzskc383's ghost
  4695 | D:4      | Found a staircase to the Ecumenical Temple.
  4701 | Temple   | Entered the Ecumenical Temple
  5279 | D:6      | Reached XP level 9. HP: 47/78 MP: 8/8
  5513 | D:6      | Noticed Menkaure
  5525 | D:6      | Killed Menkaure
  5525 | D:6      | Reached skill level 9 in Shields
  5631 | D:6      | Found a radiant altar of Vehumet.
  5634 | D:6      | Found a sparkling altar of Nemelex Xobeh.
  5648 | D:6      | Found a stormy altar of Qazlal.
  5651 | D:6      | Found a burning altar of Makhleb.
  5657 | D:6      | Became a worshipper of Makhleb the Destroyer
  5894 | D:7      | Found Woju's Elemental Accessories.
  6040 | D:7      | Found a bloodstained altar of Trog.
  6228 | D:7      | Noticed ahoge's ghost (experienced MiBe)
  6228 | D:7      | Acquired Makhleb's first power
  6252 | D:7      | Killed ahoge's ghost
  6309 | D:7      | Acquired Makhleb's second power
  6469 | D:7      | Reached skill level 10 in Shields
  6792 | D:8      | Reached XP level 10. HP: 88/88 MP: 9/9
  6865 | D:8      | Noticed namelastname112's ghost (experienced DrAs)
  6891 | D:8      | Noticed Joseph
  6903 | D:9      | Noticed Grum
  6921 | D:9      | Killed Grum
  6928 | D:9      | Reached skill level 10 in Armour
  6938 | D:9      | Acquired Makhleb's third power
  7135 | D:9      | Reached skill level 10 in Long Blades
  7261 | D:9      | Found a staircase to the Lair.
  7291 | D:9      | Slain by a komodo dragon

Action                   |  1- 3 |  4- 6 |  7- 9 | 10-12 || total
-------------------------+-------+-------+-------+-------++-------
Melee: Long sword        |    83 |   134 |   483 |   125 ||   825
Invok: Minor Destruction |       |       |       |     6 ||     6
Evoke: Wand              |       |     1 |       |     1 ||     2
  Use: Scroll            |       |       |    25 |     1 ||    26
       Potion            |       |       |     3 |     6 ||     9
  Eat: Chunk             |       |     6 |    10 |     3 ||    19
       Bread ration      |       |       |     1 |       ||     1
